 Dungeon Crawl Stone Soup version 0.16-a0-3467-gfe061fe (webtiles) character file.

4016 NewYearsCrawler the Blocker (level 10, 0/70 HPs)
             Began as a Formicid Fighter on Jan 2, 2015.
             Was a Priest of Okawaru.
             Slain by a wolf (4 damage)
             ... led by Grum
             ... on level 8 of the Dungeon.
             The game lasted 00:17:25 (8345 turns).

NewYearsCrawler the Blocker (Formicid Fighter)      Turns: 8345, Time: 00:17:26

Health: 0/70       AC: 11    Str: 28    XL:     10   Next: 47%
Magic:  13/13      EV: 10    Int: 11    God:    Okawaru [***...]
Gold:   393        SH: 14    Dex: 14    Spells: 0 memorised, 9 levels left

rFire  . . .     SeeInvis +     k - +1 flail (venom)
rCold  . . .     Clarity  .     t - +2 ring mail {rPois}
rNeg   . . .     SustAb   .     c - +0 shield
rPois  +         Gourm    .     (helmet unavailable)
rElec  .         Spirit   .     u - +0 cloak
rCorr  +         Warding  .     i - +0 pair of gloves
rMut   .         Stasis   +     v - +0 pair of boots
MR     ++...                    m - amulet of resist corrosion
Stlth  +.........               y - +4 ring of dexterity
                                l - ring of protection from magic (curse)

@: mighty, very resistant to hostile enchantments, very unstealthy
A: permanent stasis, dig shafts and tunnels, four strong arms, antennae 3,
talons 1, clever 1, spit poison 1
a: Dig, Shaft Self, Spit Poison, Heroism, Renounce Religion


You were on level 8 of the Dungeon.
You worshipped Okawaru.
Okawaru was most pleased with you.
You were hungry.

You visited 2 branches of the dungeon, and saw 9 of its levels.
You also visited: Ossuary.

You collected 393 gold pieces.

Inventory:

Hand weapons
 a - a +0 war axe
 k - a +1 flail of venom (weapon)
Missiles
 b - 17 tomahawks (quivered)
 G - 4 javelins
Armour
 c - a +0 shield (worn)
 g - a +2 ring mail of positive energy
 i - a +0 pair of gloves (worn)
 t - a +2 ring mail of poison resistance (worn)
 u - a +0 cloak (worn)
 v - a +0 pair of boots (worn)
Jewellery
 l - a cursed ring of protection from magic (left hand)
 m - an amulet of resist corrosion (around neck)
 n - an uncursed amulet of guardian spirit
 w - an uncursed ring of fire
 y - a +4 ring of dexterity (right hand)
Magical devices
 j - a wand of frost (2)
 r - a wand of digging (6)
Scrolls
 f - 10 scrolls of identify
 h - 2 scrolls of enchant armour
 p - 3 scrolls of amnesia
 s - a scroll of immolation {unknown}
 A - a scroll of enchant weapon {unknown}
 B - 3 scrolls of remove curse
 C - a scroll of recharging {unknown}
 F - a scroll of torment {unknown}
Potions
 o - 4 potions of brilliance
 q - a potion of restore abilities
Books
 E - a book of Frost

   Spells                             Type                      Level
   a - Freeze                         Ice                          1
   b - Throw Frost                    Conjuration/Ice              2
   c - Ozocubu's Armour               Charms/Ice                   3
   d - Throw Icicle                   Conjuration/Ice              4
   e - Summon Ice Beast               Ice/Summoning                4
   f - Condensation Shield            Ice                          4
Comestibles
 d - 7 bread rations
 x - 2 slices of pizza
 z - 2 meat rations


   Skills:
 - Level 3.2 Fighting
 * Level 8.5 Axes
 - Level 3.2 Armour
 - Level 14.0 Shields


You had 9 spell levels left.
You didn't know any spells.

Dungeon Overview and Level Annotations

Branches:
Dungeon (8/15)             Temple (1/1) D:5
   Lair: D:8-11

Altars:
Ashenzari
Cheibriados
Dithmenos
Elyvilon
Fedhas
Gozag
Kikubaaqudgha
Makhleb
Nemelex Xobeh
Okawaru
Qazlal
Ru
Sif Muna
Trog
Vehumet
Xom
Yredelemnul
Zin
The Shining One

Annotations:
D:8 Grum


Innate Abilities, Weirdness & Mutations

You are under a permanent stasis effect.
You can dig through walls and to a lower floor.
Your four strong arms can wield two-handed weapons with a shield.
You have a pair of large antennae on your head (SInv).
You have sharp toenails.
Your mind is acute. (Int +2)
You can spit poison.


Message History

You hit the wolf.
The wolf looks even sicker.
The wolf is severely wounded.
You block the wolf's attack. x2
You completely miss the wolf.
The wolf is severely wounded.
You kill the wolf!
Okawaru accepts your kill. You block the wolf's attack.
You thump the wolf!
Your attack snaps the wolf out of its fear.
The wolf is moderately wounded.
You feel sick.
You are no longer poisoned.
The wolf bites you.
* * * LOW HITPOINT WARNING * * *
The wolf closely misses you.
You thump the wolf!
The wolf is poisoned.
The wolf is severely wounded.
The wolf bites you.
You die...

....##...## ....###.##
. .<..# #.#### #.#
....###...(.....
................
.###.##.##.###.# .#
#.##.##.# #.#
.###.##.##.# #y###
.##...#.##.# #.#@#
.........).###hh##
###)..#.....##.######.
##.####.....†.{.h....
#.# #......####### #.#
##.##### #.#####.#
#.......# #########


You could see 2 wolves.

Vanquished Creatures
  The ghost of NewYearsCrawler the Chopper, an experienced FoFi (Ossuary)
  Prince Ribbit (D:5)
  A wraith (Ossuary)
  2 wolves (D:8)
  A hungry ghost (D:7)
  Edmund (D:5)
  Menkaure (D:7)
  2 water moccasins
  2 orc warriors
  A phantom (D:5)
  4 ogres
  A sky beast (D:7)
  A big kobold (D:5)
  4 giant frogs
  A jelly (D:7)
  A scorpion (D:8)
  2 killer bees (D:8)
  4 wights (D:7)
  2 giant frog zombies
  A goliath beetle (D:6)
  2 crimson imps
  2 gnoll shamans (D:6)
  4 orc priests
  3 iguanas
  4 orc wizards
  Natasha (twice) (D:3)
  6 worker ants
  A killer bee zombie (D:5)
  A mummy (Ossuary)
  2 worker ant zombies
  16 gnolls
  A white imp (D:3)
  8 adders
  2 worms (D:3)
  2 giant mites
  A shadow imp (D:8)
  2 adder skeletons
  An adder zombie (D:7)
  3 giant geckos
  16 orcs
  A ball python (D:3)
  12 bats
  2 bat skeletons
  3 giant cockroaches
  15 hobgoblins
  5 quokkas
  4 giant newts
  A giant spore (D:8)
  5 gnoll skeletons (Ossuary)
  11 goblins
  5 jackals
  57 kobolds
  7 kobold skeletons (Ossuary)
  13 orc skeletons (Ossuary)
  A quokka zombie (D:6)
  17 rats
  4 ballistomycetes (D:7)
276 creatures vanquished.

Vanquished Creatures (others)
  Natasha (D:3)
  A hobgoblin (D:7)
  A giant spore (D:7)
3 creatures vanquished.

Grand Total: 279 creatures vanquished

Notes
Turn   | Place    | Note
--------------------------------------------------------------
     0 | D:1      | NewYearsCrawler, the Formicid Fighter, began the quest for the Orb.
     0 | D:1      | Reached XP level 1. HP: 18/18 MP: 1/1
   102 | D:1      | Reached skill level 4 in Shields
   203 | D:1      | Reached XP level 2. HP: 24/24 MP: 3/3
   744 | D:2      | Reached XP level 3. HP: 26/29 MP: 4/4
  1205 | D:2      | Reached skill level 5 in Shields
  1246 | D:2      | Reached XP level 4. HP: 35/35 MP: 5/5
  1576 | D:3      | Found a basalt altar of Yredelemnul.
  1590 | D:3      | Found a deep blue altar of Sif Muna.
  1671 | D:3      | Noticed Natasha
  1683 | D:3      | Killed Natasha
  1736 | D:3      | Reached XP level 5. HP: 33/41 MP: 7/7
  1738 | D:3      | Found a stormy altar of Qazlal.
  1781 | D:3      | Noticed Natasha
  1781 | D:3      | Found a glowing golden altar of the Shining One.
  1790 | D:3      | Killed Natasha
  1806 | D:3      | Noticed Natasha
  1820 | D:3      | Killed Natasha
  1828 | D:3      | Found an opulent altar of Gozag.
  1843 | D:3      | Reached skill level 6 in Shields
  2528 | D:4      | Reached XP level 6. HP: 33/47 MP: 8/8
  2702 | D:4      | Noticed an ogre
  2710 | D:4      | Killed an ogre
  2887 | D:4      | Reached skill level 5 in Axes
  2887 | D:4      | Reached skill level 7 in Shields
  2887 | D:4      | Reached XP level 7. HP: 32/52 MP: 5/9
  3159 | D:4      | Gained mutation: Your mind is acute. (Int +2) [potion of mutation]
  3159 | D:4      | Gained mutation: Your mind is very acute. (Int +4) [potion of mutation]
  3312 | D:5      | Entered Level 5 of the Dungeon
  3313 | D:5      | Found a glowing silver altar of Zin.
  3378 | D:5      | Found a sand-covered staircase.
  3392 | Ossuary  | Entered an ossuary
  3392 | Ossuary  | Noticed a wraith
  3392 | Ossuary  | Noticed a wraith
  3392 | Ossuary  | Noticed a wraith
  3495 | Ossuary  | Noticed NewYearsCrawler's ghost (experienced FoFi)
  3510 | Ossuary  | Killed NewYearsCrawler's ghost
  3510 | Ossuary  | Reached skill level 8 in Shields
  3510 | Ossuary  | Reached XP level 8. HP: 25/58 MP: 11/11
  3758 | Ossuary  | Noticed a wraith
  3767 | Ossuary  | Killed a wraith
  3913 | D:5      | Noticed Edmund
  4400 | D:5      | Killed Edmund
  4493 | D:5      | Found a staircase to the Ecumenical Temple.
  4528 | Temple   | Entered the Ecumenical Temple
  4603 | Temple   | Became a worshipper of Warmaster Okawaru
  4626 | D:5      | Noticed Prince Ribbit
  4639 | D:5      | Killed Prince Ribbit
  4639 | D:5      | Reached skill level 9 in Shields
  4791 | D:5      | Reached XP level 9. HP: 52/64 MP: 12/12
  5096 | D:5      | Acquired Okawaru's first power
  5497 | D:6      | Reached skill level 10 in Shields
  5797 | D:6      | Reached skill level 11 in Shields
  5946 | D:6      | Found a bloodstained altar of Trog.
  6340 | D:6      | HP: 3/64 [orc warrior/long sword (12)]
  6358 | D:6      | HP: 1/64 [orc priest/divine providence (13)]
  6831 | D:7      | Reached skill level 12 in Shields
  6863 | D:7      | Found a radiant altar of Vehumet.
  6879 | D:7      | Found a snail-covered altar of Cheibriados.
  6959 | D:7      | Noticed Menkaure
  7230 | D:7      | Killed Menkaure
  7562 | D:7      | Reached XP level 10. HP: 67/70 MP: 13/13
  7821 | D:7      | Reached skill level 13 in Shields
  7889 | D:7      | Gained mutation: You can spit poison. [mutagenic meat]
  7890 | D:7      | Lost mutation: Your mind is very acute. (Int +4) [mutagenic meat]
  8319 | D:8      | Noticed Grum
  8328 | D:8      | Gained mutation: You have sharp toenails. [potion of beneficial mutation]
  8331 | D:8      | Reached skill level 14 in Shields
  8345 | D:8      | Slain by a wolf

Action                   |  1- 3 |  4- 6 |  7- 9 | 10-12 || total
-------------------------+-------+-------+-------+-------++-------
Melee: War axe           |    92 |   141 |   171 |       ||   404
       Flail             |       |       |   318 |   139 ||   457
Throw: Tomahawk          |       |       |     5 |       ||     5
 Abil: Dig               |       |     1 |     1 |     1 ||     3
Evoke: Wand              |       |       |     3 |       ||     3
  Use: Potion            |     1 |     3 |     7 |     2 ||    13
       Scroll            |       |       |     8 |     1 ||     9
  Eat: Chunk             |     1 |     5 |    15 |     5 ||    26
       Beef jerky        |       |       |     1 |       ||     1
